AoeStats
← Vladimir Vladimirovich

Arena

509310058Analyzed
1v1 RM · 7d ago on Sep 26, 2026· 76m 34s· 2 players
Game mode
Random Map
Map size
Tiny (2 player)
Population
200
Speed
Normal
Resources
Standard
Victory
Conquest
Starting age
Dark Age
Ending age
Imperial Age
RankedLock teamsTeams togetherTeam positionsShared explorationLock speedFull tech treeHidden civsTurbo modeCheats
Victory
Defeat
🇨🇳 Varangians · China
962
+18
1000
-55
Vladimir Vladimirovich
13:55 Feudal Age
16:24 Wheelbarrow
23:31 Castle Age
23:10 Forging
25:36 Hand Cart
35:17 Imperial Age
34:06 Fortified Wall
34:23 Ballistics
41:36 Iron Casting
41:02 Scale Mail Armor
41:08 Scale Barding Armor
40:43 Onager
44:06 Chemistry
46:47 Pikeman
48:44 Cavalier
56:23 Halberdier
欲火银河
10:01 Feudal Age
10:17 Feudal Age
11:16 Double-Bit Axe
14:12 Castle Age
11:57 Horse Collar
13:28 Wheelbarrow
15:41 Bow Saw
21:19 Hand Cart
21:20 Heavy Plow
21:37 Gold Mining
26:50 Imperial Age
24:14 Stone Mining
25:36 Stone Shaft Mining
26:00 Treadmill Crane
26:37 Forging
26:32 Scale Barding Armor
29:07 Two-Man Saw
28:38 Crop Rotation
28:44 Bloodlines
28:35 Husbandry
27:56 Cavalier
29:27 Chain Barding Armor
29:42 Iron Casting
30:02 Conscription
30:31 Elite Jarl
34:20 Plate Barding Armor
34:45 Blast Furnace
35:18 Guilds
38:56 Loom
38:57 Town Watch
39:36 Ballistics
40:16 Chemistry
39:22 Siege Engineers
39:13 Murder Holes
39:28 Fortified Wall
39:09 Guard Tower
39:30 Masonry
40:29 Siege Engineers
41:21 Murder Holes
41:37 Fortified Wall
41:17 Guard Tower
41:38 Masonry
41:21 Fletching
41:34 Scale Mail Armor
42:45 Bodkin Arrow
43:26 Architecture
44:11 Bracer
44:28 Chain Mail Armor
44:17 Gothikon
44:17 Vendel Legacy
56:03 Town Patrol
56:47 Herbal Medicine
57:21 Illumination
57:11 Fervor
57:03 Devotion
57:41 Theocracy
71:56 Faith
Connection lost

Rejoining the realm…

Still unreachable

The connection could not be restored.

Session expired

The server has moved on; the page needs a fresh start.